 Dungeon Crawl Stone Soup version 0.20-a0-537-g052e6ba (webtiles) character file.

46 M4edhros the Grave Robber (level 3, 0/21 HPs)
             Began as an Octopode Necromancer on Jan 28, 2017.
             Killed from afar by Natasha (6 damage)
             ... with a magic dart
             ... on level 3 of the Dungeon.
             The game lasted 00:02:48 (515 turns).

M4edhros the Grave Robber (Octopode Necromancer)     Turns: 515, Time: 00:02:49

Health: 0/21       AC:  1    Str:  7    XL:     3   Next: 68%
Magic:  1/6        EV: 13    Int: 17    God:
Gold:   110        SH:  0    Dex: 13    Spells: 1/6 levels left

rFire    . . .     SeeInvis .     - Unarmed
rCold    . . .     Gourm    .   (no shield)
rNeg     . . .     Faith    .   (helmet restricted)
rPois    .         Spirit   .   (no amulet)
rElec    .         Reflect  .   h - ring of flight
rCorr    .         Harm     .   (no ring)
MR       .....                  (no ring)
Stlth    +++.......             (no ring)
Regen    1.1/turn               (no ring)
                                (no ring)
                                (no ring)
                                (no ring)

@: regenerating (expiring), slowed, very slow
A: almost no armour, stealthy swim, amphibious, 8 rings, constrict 8, camouflage
1, gelatinous body 1
a: Evoke Flight


You were on level 3 of the Dungeon.
You were not hungry.

You visited 1 branch of the dungeon, and saw 3 of its levels.

You collected 110 gold pieces.

Inventory:

Hand Weapons
 c - a +0 hunting sling
Missiles
 g - 66 stones (quivered)
Jewellery
 h - a ring of flight (left tentacle)
Scrolls
 d - a scroll of identify {unknown}
 e - 4 scrolls of teleportation {unknown}
 n - a scroll of amnesia {unknown}
Potions
 i - a potion of lignification
 j - a potion of haste
Books
 a - a book of Necromancy

   Spells                             Type                      Level
   a - Pain                           Necromancy                   1
   b - Animate Skeleton               Necromancy                   1
   c - Vampiric Draining              Necromancy                   3
   d - Regeneration                   Charms/Necromancy            3
   e - Animate Dead                   Necromancy                   4
   f - Control Undead                 Necromancy                   4
Comestibles
 b - 3 bread rations
 f - 3 meat rations
 l - 4 chunks of flesh


   Skills:
 - Level 2.0 Dodging
 - Level 2.6 Stealth
 + Level 3.2 Unarmed Combat
 - Level 2.0 Spellcasting
 - Level 4.0 Necromancy


You had one spell level left.
You knew the following spells:

 Your Spells              Type           Power        Failure   Level  Hunger
a - Pain                  Necr           ###.         3%          1    #......
b - Animate Skeleton      Necr           N/A          3%          1    #......
c - Regeneration          Chrm/Necr      #.........   24%         3    ###....


Dungeon Overview and Level Annotations

Branches:
Dungeon (3/15)

Altars:
Nemelex Xobeh

Annotations:
D:3 Natasha


Innate Abilities, Weirdness & Mutations

You cannot wear most types of armour.
You are very stealthy in the water. (Stealth+)
You are amphibious.
You can wear up to eight rings at the same time.
You can use your tentacles to constrict eight enemies at once.
Your skin changes colour to match your surroundings (Stealth+).
Your rubbery body absorbs attacks. (AC +1, EV +1)


Message History

You feel as though you will be slow longer.
Natasha claws you.
You tentacle-slap Natasha. Your grab misses Natasha.
Natasha is moderately wounded.
Your skin is crawling a little less now.
Natasha mumbles some strange words.
Natasha shimmers violently.
Natasha claws you.
Unknown command.
You closely miss Natasha. You grab Natasha.
Natasha is moderately wounded.
You constrict Natasha. Natasha claws you.
* * * LOW HITPOINT WARNING * * *
Unknown command.
You barely miss Natasha.
Natasha is moderately wounded.
You constrict Natasha. Natasha casts a spell at you. The magic dart hits you!
You die...

### ##.. ##... #....
#.... #....
.###################...)
.....5h@................
.####################...
###.... #.......
#.##.... # #.... #....
##... ##..


You could see Natasha and a white imp.

Vanquished Creatures
  Natasha (D:3)
  An ooze (D:3)
  An orc (D:3)
  2 ball pythons
  2 bats
  2 giant cockroaches (D:3)
  2 goblins
  2 hobgoblins (D:2)
  3 kobolds
  2 frilled lizards (D:2)
  A rat (D:1)
19 creatures vanquished.

Notes
Turn   | Place    | Note
-------+----------+-------------------------------------------
     0 | D:1      | M4edhros the Octopode Necromancer began the quest for the Orb.
     0 | D:1      | Reached XP level 1. HP: 11/11 MP: 3/3
     2 | D:1      | Learned a level 1 spell: Animate Skeleton
    39 | D:1      | Reached skill level 1 in Unarmed Combat
    75 | D:1      | You fall through a shaft!
    88 | D:2      | Reached XP level 2. HP: 8/17 MP: 0/5
   329 | D:3      | Found a sparkling altar of Nemelex Xobeh.
   410 | D:3      | Reached XP level 3. HP: 10/21 MP: 2/6
   415 | D:3      | Learned a level 3 spell: Regeneration
   442 | D:3      | Noticed Natasha
   444 | D:3      | HP: 1/21 [Natasha/magic dart (8)]
   451 | D:3      | Killed Natasha
   507 | D:3      | Noticed Natasha
   515 | D:3      | Killed from afar by Natasha

Vault maps used:
D:1:      elethiomel_arrival_infinity_welcomes_careful_drivers
D:3:      overflow_temple_1_default, uniq_iyjb, uniq_natasha, uniq_robin

Skill      XL: |  1  2  3 |
---------------+----------+-----
Unarmed Combat | 1 2 3 |  3.2
Dodging        | |  2.0
Stealth        | |  2.6
Spellcasting   | |  2.0
Necromancy     | |  4.0

Action                   || total
-------------------------++-------
Melee: Unarmed           ||    19
       Constrict         ||     4
       Tentacles         ||     1
 Cast: Pain              ||    22
       Animate Skeleton  ||     2
       Regeneration      ||     3
  Use: Potion            ||     4
 Stab: Sleeping          ||     1
       Distracted        ||     1
Armor: Skin              ||     1
Dodge: Dodged            ||     6
